 Dungeon Crawl Stone Soup version 0.28-a0-1117-g0bdd5ba030 (webtiles) character file.

Game seed: 3578384837567692765

164 fragbeetle the Changer (level 5, -4/38 HPs)
             Began as a Merfolk Transmuter on Dec 11, 2021.
             Slain by an orc (7 damage)
             ... on level 3 of the Dungeon.
             The game lasted 00:08:13 (2513 turns).

fragbeetle the Changer (Merfolk Transmuter)         Turns: 2513, Time: 00:08:13

Health: -4/38      AC:  2    Str: 12    XL:     5   Next: 45%
Magic:  7/8        EV: 13    Int: 13    God:
Gold:   114        SH:  0    Dex: 14    Spells: 5/9 levels left

rFire   + . .      SeeInvis .     - Unarmed
rCold   + . .      Faith    .   (no shield)
rNeg    . . .      Spirit   .   a - +0 robe
rPois   +          Reflect  .   (helmet currently unavailable)
rElec   +          Harm     .   (no cloak)
rCorr   +          Rampage  .   (no gloves)
Will    +....                   (boots currently unavailable)
Stlth   +.........              (no amulet)
HPRegen 0.12/turn               l - ring of willpower
MPRegen 0.11/turn               (no ring)

@: appendages, resistant
A: horns 2, (nimble swimmer 2), mertail
a: End Transformation


You were on level 3 of the Dungeon.
You had temporarily grown beastly horns.
You visited 2 branches of the dungeon, and saw 5 of its levels.

You collected 114 gold pieces.

Inventory:

Armour
 a - a +0 robe (worn)
 i - a +0 hat (melded)
Jewellery
 l - a ring of willpower (left hand)
Wands
 p - a wand of polymorph (13)
Scrolls
 e - 2 scrolls of teleportation {unknown}
 h - 2 scrolls of fog {unknown}
 j - a scroll of immolation {unknown}
Potions
 b - a potion of magic
 c - a potion of flight
 k - a potion of attraction
 m - a potion of cancellation


   Skills:
 * Level 2.1 Fighting
 * Level 3.9 Dodging
 + Level 4.2 Unarmed Combat
 + Level 2.6 Spellcasting
 * Level 4.5 Transmutations


You had 5 spell levels left.
You knew the following spells:

 Your Spells              Type           Power      Damage    Failure   Level
a - Beastly Appendage     Tmut           26%        N/A       3%          1
b - Spider Form           Tmut/Pois      7%         N/A       28%         3

Your spell library contained the following spells:

 Spells                   Type           Power      Damage    Failure   Level
 Wereblood                Tmut           13%        N/A       5%          2
 Ice Form                 Ice/Tmut       7%         N/A       67%         4
 Petrify                  Tmut/Erth      7%         N/A       67%         4
 Metabolic Englaciation   Hex/Ice        0%         N/A       100%        5
 Statue Form              Tmut/Erth      4%         N/A       100%        6


Dungeon Overview and Level Annotations

Branches:
Dungeon (4/15)             Temple (1/1) D:4

Altars:
Ashenzari
Cheibriados
Dithmenos
Elyvilon
Fedhas
Gozag
Hepliaklqana
Nemelex Xobeh
Qazlal
Ru
Sif Muna
Trog
Uskayaw
Vehumet
Wu Jian
Xom
Zin
The Shining One

Shops:
D:2 (


Innate Abilities, Weirdness & Mutations

You have temporarily grown beastly horns.
((You are quick and stealthy near water. (Stealth+, EV+, Speed+++)))
Your lower body shifts to a powerful aquatic tail in water.


Message History

The orc hits you from afar with a +0 trident!
The orc wizard mumbles some strange words.
The orc wizard flickers and vanishes!
Deactivating autopickup; reactivate with Ctrl-A.
The orc hits you with a +0 hand axe.
You barely miss the orc. Your headbutt misses the orc.
The orc hits you from afar with a +0 trident.
The orc barely misses you.
You closely miss the orc. You headbutt the orc, but do no damage.
The orc hits you from afar with a +0 trident.
You hit the orc. You headbutt the orc.
You kill the orc!
The orc hits you from afar with a +0 trident.
* * * LOW HITPOINT WARNING * * *
You barely miss the orc.
Your transformation is almost over.
The orc completely misses you. The orc misses you.
You hit the orc.
The orc is lightly wounded.
The orc closely misses you. The orc barely misses you.
You completely miss the orc.
The orc is lightly wounded.
The orc barely misses you. The orc misses you.
You hit the orc but do no damage. You headbutt the orc.
You kill the orc!
The orc hits you from afar with a +0 trident.
* * * LOW HITPOINT WARNING * * *
It was a potion of resistance.
You feel protected. Something barely misses you.
The orc hits you from afar with a +0 trident.
* * * LOW HITPOINT WARNING * * *
Casting: Beastly Appendage (safe; 3% risk of failure)
Confirm with . or Enter, or press ? or * to list all spells.
You extend your transformation's duration.
The orc hits you from afar with a +0 trident.
* * * LOW HITPOINT WARNING * * *
You hit something. Your headbutt misses something.
The orc hits you with a +0 hand axe!
You die...

................
.....$..........
........>..#
...........#####
...............#
......###......#
.....o###......##
.....).o......oo##
............(##{@#
...#.....#.#######
............
.........
.......... ....


You could see 2 orcs.

Vanquished Creatures
  A howler monkey (D:4)
  A hound (D:4)
  An orc priest (D:4)
  An adder (D:2)
  An adder skeleton (D:4)
  A dart slug (D:2)
  7 orcs
  5 ball pythons
  6 endoplasms
  2 giant cockroaches
  5 goblins
  2 hobgoblins (D:1)
  A jackal (D:1)
  5 kobolds
  3 quokkas
  A bat (D:2)
  3 frilled lizards (D:2)
  2 rats (D:1)
48 creatures vanquished.

Vanquished Creatures (others)
  4 plants
4 creatures vanquished.

Grand Total: 52 creatures vanquished

Notes
Turn   | Place    | Note
-------+----------+-------------------------------------------
     0 | D:1      | fragbeetle the Merfolk Transmuter began the quest for the
                  | Orb.
     0 | D:1      | Reached XP level 1. HP: 15/15 MP: 3/3
   324 | D:1      | Reached XP level 2. HP: 17/21 MP: 3/5
   841 | D:1      | Found a faded altar of an unknown god.
  1035 | D:2      | Reached XP level 3. HP: 25/26 MP: 4/6
  1185 | D:2      | Found Neuvygub's Antique Weapon Boutique.
  1414 | D:2      | Learned a level 3 spell: Spider Form
  1501 | D:2      | You fall into a shaft and drop 2 floors!
  1506 | D:4      | Found a broken altar of Ashenzari.
  1506 | D:4      | Found an ornate altar of the Wu Jian Council.
  1506 | D:4      | Found a sparkling altar of Nemelex Xobeh.
  1506 | D:4      | Found a snail-covered altar of Cheibriados.
  1507 | D:4      | Found a bloodstained altar of Trog.
  1507 | D:4      | Found a radiant altar of Vehumet.
  1522 | D:4      | Reached XP level 4. HP: 20/33 MP: 7/7
  1754 | D:4      | Reached XP level 5. HP: 34/38 MP: 6/8
  1984 | D:4      | Found a stormy altar of Qazlal.
  1984 | D:4      | Found a hazy altar of Hepliaklqana.
  1984 | D:4      | Found a sacrificial altar of Ru.
  2064 | D:4      | Found a staircase to the Ecumenical Temple.
  2078 | Temple   | Entered the Ecumenical Temple
  2298 | D:4      | Noticed an ogre
  2513 | D:3      | Slain by an orc

Illustrated notes

Levels and vault maps discovered:
D:1:      dpeg_arrival_arbitrary_c, layout_rooms,
          shapermc_ecumenical_altar_ellora, amcnicky_mini_corridor_feature
D:2:      layout_rooms, serial_shops, nicolae_shop_statue_plus,
          lemuel_another_geyser
D:3:      layout_rooms, serial_curves, eino_curves_01, eino_curves_03,
          eino_curves_02, eino_curves_04, uniq_crazy_yiuf_cottage
D:4:      layout_basic, nicolae_overflows_in_rows,
          minmay_temple_entry_gardened_gates, kennysheep_generic_room_12,
          uniq_menkaure
Temple:   nicolae_temple_figure_zero

Skill      XL: |  1  2  3  4 |
---------------+-------------+-----
Transmutations | 3 4 |  4.5
Dodging        | 3 |  3.9
Fighting       | 2 |  2.1
Unarmed Combat | 4 |  4.2
Spellcasting   | |  2.6

Action                   |  1- 3 |  4- 6 || total
-------------------------+-------+-------++-------
Melee: Unarmed           |    84 |    54 ||   138
       Headbutt          |    19 |     9 ||    28
 Cast: Beastly Appendage |    27 |     8 ||    35
  Use: Scroll            |       |     6 ||     6
       Potion            |       |     1 ||     1
 Stab: Sleeping          |     2 |       ||     2
Armor: Robe              |     5 |     6 ||    11
Dodge: Dodged            |    41 |    33 ||    74

Table legend: (Time is in decaauts)
 A = Elapsed time spent in this place.
 B = Non-inter-level travel time spent in this place.
 C = Inter-level travel time spent in this place.
 D = Time resting spent in this place.
 E = Time spent auto-exploring this place.
 F = Levels seen in this place.
 G = Mean time per level.
                   A        B        C        D        E       F      G
               +--------+--------+--------+--------+--------+-----+--------+
         Total |   2501 |   2501 |      0 |    712 |    949 |   5 |  500.2 |
       Dungeon |   2239 |   2239 |      0 |    612 |    818 |   4 |  559.8 |
        Temple |    262 |    262 |      0 |    100 |    131 |   1 |  262.0 |
               +--------+--------+--------+--------+--------+-----+--------+

Top non-repeatable levels by time:
     D:1: 1028 daAuts
     D:4: 722 daAuts
     D:2: 465 daAuts
  Temple: 262 daAuts
     D:3: 23 daAuts
